 Dungeon Sprint DCSS version 0.21.1-1-g345015f (webtiles) character file.

1500000 Fang the Axe Maniac (level 16, -2/116 HPs)
             Began as a Gargoyle Gladiator on May 26, 2018.
             Was a Believer of Makhleb.
             Slain by a meat berserker
             ... wielding a +9 battleaxe
              (22 damage)
             ... in the Dungeon (Sprint VIII: "Arena of Blood").
             The game lasted 00:00:22 (15 turns).

Fang the Axe Maniac (Gargoyle Gladiator)              Turns: 15, Time: 00:00:22

Health: -2/116     AC: 16    Str: 23    XL:     16   Next: 81%
Magic:  16/16      EV: 25    Int: 11    God:    Makhleb [**....]
Gold:   0          SH:  0    Dex: 11    Spells: 15/15 levels left

rFire    . . .     SeeInvis .   l - +∞ Axe of Woe
rCold    . . .     Gourm    .   (shield currently unavailable)
rNeg     + . .     Faith    .   b - +0 leather armour
rPois    ∞         Spirit   .   c - +0 helmet
rElec    +         Reflect  .   (no cloak)
rCorr    .         Harm     .   (no gloves)
MR       +....     NoTele   +   (no boots)
Stlth    +.........             (no amulet)
HPRegen  0.29/turn              (no ring)
MPRegen  0.15/turn              (no ring)

@: no status effects
A: big wings, negative energy resistance 1, electricity resistance, unbreathing,
petrification resistance, rot immunity, AC +12
a: Fly, Minor Destruction, Renounce Religion


You were in the Dungeon.
You worshipped Makhleb.
Makhleb was pleased with you.
You were not hungry.

You visited 1 branch

Inventory:

Hand Weapons
 a - a +0 war axe
 l - the +∞ Axe of Woe (weapon)
   (You found it in the Dungeon)
Missiles
 d - 3 throwing nets (quivered)
Armour
 b - a +0 leather armour (worn)
 c - a +0 helmet (worn)
Scrolls
 k - a scroll of blinking
Potions
 e - a potion of curing
 g - a potion of heal wounds
 h - a potion of haste
 i - 2 potions of magic
 j - a potion of berserk rage
Comestibles
 f - a ration


   Skills:
 + Level 18.7 Fighting
 O Level 27 Axes
 + Level 15.1 Throwing
 + Level 23.8 Dodging


You had 15 spell levels left.
You didn't know any spells.

Dungeon Overview and Level Annotations

Branches:
Dungeon (1/1)

Altars:
Makhleb


Innate Abilities, Weirdness & Mutations

You are resistant to torment.
Your stone body is resilient. (AC +12)
You are immune to poison.
Your large and strong wings let you fly indefinitely.
You resist negative energy. (rN+)
You are resistant to electric shocks. (rElec)
You can survive without breathing.
You are immune to petrification.
You are immune to rotting.


Message History

The meat berserker hits you with a +9 battleaxe!!!
Ouch! That really hurt!
You hear a shout! x6
The meat berserker rages.
You hear a shout!
The meat berserker hits you with a +9 battleaxe!!
* * * LOW HITPOINT WARNING * * *
You hear a shout!
A bag of meat comes into view. It is wielding a +9 war axe.
Things that are here:
a +9 battleaxe; a +30 ring of slaying; a meat berserker corpse You are too injured to fight recklessly!
Unknown command.
You are too injured to fight recklessly!
Unknown command.
You are too injured to fight recklessly! 2 orcs and an ogre come into view.
The bag of meat shouts! x2; The meat berserker shouts!
You hear a shout! x4
The meat berserker hits you with a +9 battleaxe!!
You die...

..... .o #... o#
. #... ..#
..###... ..###O
......###o.....
....._......
#..OO.# #_)@._#
#.))..#
...O...)_...o..
...O...###......
..###.o. ..###.
o #... ..# #...
.# ..... .. ....


You could see 5 meat berserkers and 5 bags of meat.

Vanquished Creatures
  4 ogres (D)
  An orc (D)
5 creatures vanquished.

Notes
Turn   | Place    | Note
-------+----------+-------------------------------------------
     0 | D        | Found the +∞ Axe of Woe
     0 | D        | Fang the Gargoyle Gladiator began the quest for the Orb.
     0 | D        | Reached XP level 1. HP: 12/12 MP: 1/1
     4 | D        | Became a worshipper of Makhleb the Destroyer
     6 | D        | Noticed a meat berserker
     7 | D        | Noticed a meat berserker
     9 | D        | Noticed a bag of meat
    10 | D        | Noticed a meat berserker
    10 | D        | Killed a meat berserker
    10 | D        | Reached skill level 19 in Axes
    10 | D        | Reached skill level 10 in Throwing
    10 | D        | Reached XP level 2. HP: 32/32 MP: 2/2
    10 | D        | Reached XP level 3. HP: 36/36 MP: 3/3
    10 | D        | Reached XP level 4. HP: 42/42 MP: 4/4
    10 | D        | Reached XP level 5. HP: 47/47 MP: 5/5
    10 | D        | Reached XP level 6. HP: 52/52 MP: 6/6
    10 | D        | Reached XP level 7. HP: 57/57 MP: 7/7
    10 | D        | Reached XP level 8. HP: 63/63 MP: 8/8
    10 | D        | Reached XP level 9. HP: 68/68 MP: 9/9
    10 | D        | Reached XP level 10. HP: 73/73 MP: 10/10
    10 | D        | Reached XP level 11. HP: 78/78 MP: 11/11
    10 | D        | Reached XP level 12. HP: 84/84 MP: 12/12
    10 | D        | Reached XP level 13. HP: 88/88 MP: 13/13
    11 | D        | Noticed a meat berserker
    11 | D        | Killed a meat berserker
    11 | D        | Reached * piety under Makhleb
    11 | D        | Reached skill level 15 in Fighting
    11 | D        | Reached skill level 22 in Axes
    11 | D        | Gained mutation: Your large and strong wings let you fly indefinitely. [Gargoyle growth]
    11 | D        | Reached XP level 14. HP: 34/98 MP: 14/14
    12 | D        | Noticed a bag of meat
    12 | D        | Noticed a meat berserker
    12 | D        | Noticed a bag of meat
    12 | D        | Noticed a bag of meat
    13 | D        | Noticed a bag of meat
    13 | D        | Noticed a meat berserker
    13 | D        | Noticed a meat berserker
    13 | D        | Noticed a meat berserker
    13 | D        | Killed a meat berserker
    13 | D        | Reached skill level 24 in Axes
    13 | D        | Reached XP level 15. HP: 9/106 MP: 15/15
    13 | D        | Killed a meat berserker
    13 | D        | Reached skill level 26 in Axes
    13 | D        | Reached XP level 16. HP: 77/114 MP: 16/16
    13 | D        | Reached ** piety under Makhleb
    13 | D        | Reached skill level 27 in Axes
    13 | D        | Reached skill level 15 in Throwing
    15 | D        | Noticed a meat berserker
    15 | D        | Slain by a meat berserker

Skill      XL: |  1  2  3  4  5  6  7  8  9 10 11 12 13 14 15 16 |
---------------+-------------------------------------------------+-----
Fighting       | 13 15 16 18 | 18.7
Axes           | 19 22 24 26 27 | 27.0
Throwing       | 10 12 13 14 15 | 15.1
Dodging        | 17 19 21 23 | 23.8

Action                   |  1- 3 |  4- 6 |  7- 9 | 10-12 | 13-15 | 16-18 || total
-------------------------+-------+-------+-------+-------+-------+-------++-------
Melee: Executioner's axe |     1 |       |       |       |     2 |       ||     3
